 Dungeon Crawl Stone Soup version 0.27.1-33-g824d729ab1 (webtiles) character file.

Game seed: 3243052135711843519

2523 demibob the Cleaver (level 9, -1/60 (68) HPs)
             Began as a Hill Orc Gladiator on Dec 9, 2021.
             Was a Believer of Kikubaaqudgha.
             Slain by a wight (6 damage)
             ... on level 8 of the Dungeon.
             The game lasted 00:09:32 (8582 turns).

demibob the Cleaver (Hill Orc Gladiator)            Turns: 8582, Time: 00:09:32

HP:   -1/60 (68)    AC: 13    Str: 19    XL:     9   Next: 54%
MP:   9/9           EV:  9    Int:  8    God:    Kikubaaqudgha [**....]
Gold: 0             SH:  0    Dex: 19    Spells: 8/8 levels left

rFire    . . .     SeeInvis +   a - +1 war axe (vamp)
rCold    . . .     Faith    .   (no shield)
rNeg     . . .     Spirit   .   k - +0 chain mail
rPois    .         Reflect  .   c - +0 helmet
rElec    .         Harm     .   (no cloak)
rCorr    .         Rampage  .   (no gloves)
Will     .....                  j - +0 pair of boots
Stlth    ..........             (no amulet)
HPRegen  0.20/turn              D - +6 ring of dexterity
MPRegen  0.11/turn              v - ring of see invisible

@: about to teleport, heavily drained
A: no striking features
a: Renounce Religion, Receive Corpses


You were on level 8 of the Dungeon.
You worshipped Kikubaaqudgha.
Kikubaaqudgha was pleased with you.
You visited 2 branches of the dungeon, and saw 9 of its levels.


   Skills:
 - Level 2.4 Fighting
 + Level 13.6 Axes
 - Level 1.7 Throwing
 + Level 7.5 Armour
 - Level 2.4 Dodging


You had 8 spell levels left.
You didn't know any spells.
Your spell library contained the following spells:

 Spells                   Type           Power      Damage    Failure   Level
 Pain                     Necr           0%         1d4       98%         1
 Shock                    Conj/Air       0%         1d3       98%         1
 Corpse Rot               Necr/Air       N/A        N/A       99%         2
 Sublimation of Blood     Necr           0%         N/A       99%         2
 Swiftness                Air            0%         N/A       100%        3
 Vampiric Draining        Necr           0%         2d6       100%        3
 Airstrike                Air            0%         N/A       100%        4

Inventory:

Hand Weapons
 a - a +1 vampiric war axe (weapon)
Missiles
 f - a throwing net (quivered) {=f}
Armour
 c - a +0 helmet (worn)
 j - a +0 pair of boots (worn)
 k - a +0 chain mail (worn)
Jewellery
 v - a ring of see invisible (right hand)
 D - a +6 ring of dexterity (left hand)
 R - a ring of resist corrosion
Scrolls
 b - a scroll of teleportation {@r2}
 h - 5 scrolls of identify {@r1}
 l - 2 scrolls of fear
 n - 4 scrolls of enchant weapon
Potions
 g - a potion of flight
 i - 2 potions of mutation

Dungeon Overview and Level Annotations

Branches:
Dungeon (8/15)             Temple (1/1) D:4
   Lair: D:8-11

Altars:
Ashenzari
Dithmenos
Kikubaaqudgha
Makhleb
Nemelex Xobeh
Trog
Uskayaw
Xom
Zin

Shops:
D:1 (   D:5 :

Annotations:
D:4 3 runed translucent doors, ces's ghost, amateur GnFi; kulwych's ghost, amateur MiFi
D:5 1 runed translucent door, Crazy Yiuf
D:8 Maurice

... .. #.... ###..
..$. ..... ##.. ......
..# ....z.######.# ..
........#...z####..#
........#...@...#..#
.......$....z.@.#..#
...#.####.##z.#....# .
.. #..#.z##...###
......##>.#<........#
##.........^##.....###
##.#.###............#
# ##...)........#
#....)..##.....
.......#........


You could see Maurice (swift, invisible) and 4 wights.


Message History

Maurice is heavily wounded.
You slash the wight! You barely miss the wight.
The wight hits you from afar with a +0 halberd.
You feel drained.
The wight hits you with a +3 great sword.
* * * LOW HITPOINT WARNING * * *
Maurice hits you with a +0 short sword.
* * * LOW HITPOINT WARNING * * *
Maurice steals your scroll of silence {!r}!
Okay, then.
You aren't carrying any items that you can evoke.
Press: ? - help, v - describe, . - travel
Here: Maurice, wielding a +0 short sword, wearing a +2 cloak, wearing a ring of wizardry and carrying a wand of charming (8) (heavily wounded, covering ground quickly, slightly transparent)
The floor.
As you read the scroll of teleportation {@r2}, it crumbles to dust.
You feel strangely unstable. The wight hits you but does no damage.
The wight hits you from afar with a +0 halberd.
* * * LOW HITPOINT WARNING * * *
You feel drained.
The wight hits you from afar with a +0 halberd!
* * * LOW HITPOINT WARNING * * *
You feel drained.
* * * LOW HITPOINT WARNING * * *
The wight barely misses you.
Maurice zaps a wand.
You easily resist.
The wight barely misses you. Maurice closely misses you.
The wight hits you with a +0 long sword.
* * * LOW HITPOINT WARNING * * *
The wight hits you from afar with a +0 halberd.
You die...
Kikubaaqudgha rasps: "You have failed me!
Welcome... death!"

Skill      XL: |  1  2  3  4  5  6  7  8  9 |
---------------+----------------------------+-----
Axes           | 5 6 7 8 10 11 12 13 | 13.6
Armour         | 3 6 7 |  7.5
Fighting       | |  2.4
Throwing       | |  1.7
Dodging        | |  2.4

Action                   |  1- 3 |  4- 6 |  7- 9 || total
-------------------------+-------+-------+-------++-------
Melee: War axe           |    61 |   181 |   334 ||   576
Throw: Throwing net      |       |     3 |     2 ||     5
  Use: Scroll            |       |     6 |    10 ||    16
       Potion            |       |     1 |     3 ||     4
 Stab: Sleeping          |     2 |       |     1 ||     3
       Held in net/web   |       |     1 |     2 ||     3
Armor: Leather armour    |    18 |    33 |     5 ||    56
       Chain mail        |       |       |   121 ||   121
Dodge: Dodged            |    39 |   112 |   125 ||   276

Levels and vault maps discovered:
D:1:      minmay_arrival_solitary_statue, layout_loops_cross,
          hellmonk_ecumenical_altar_arch_garden, serial_shops, shop_statue
D:2:      layout_rooms
D:3:      layout_basic, kennysheep_generic_room_10
D:4:      cheibrodos_old_hovel, layout_basic, minmay_temple_entry_waves,
          gammafunk_ghost_cemetery
D:5:      layout_loops_cross, serial_shops, kennysheep_mini,
          uniq_crazy_yiuf_cottage
D:6:      layout_loops_cross
D:7:      layout_layer_cave
D:8:      layout_cave_pools, enter_bailey_2, uniq_maurice
Temple:   dpeg_five_rooms_temple

Notes
Turn   | Place    | Note
-------+----------+-------------------------------------------
     0 | D:1      | demibob the Hill Orc Gladiator began the quest for the Orb.
     0 | D:1      | Reached XP level 1. HP: 18/18 MP: 1/1
    43 | D:1      | Found Gaosuiv's Weapon Shoppe.
   446 | D:1      | Found a faded altar of an unknown god.
   494 | D:1      | Reached XP level 2. HP: 25/25 MP: 2/2
   597 | D:1      | Reached skill level 5 in Axes
   976 | D:1      | Reached XP level 3. HP: 26/30 MP: 3/3
  1204 | D:2      | Reached skill level 6 in Axes
  1205 | D:2      | Reached XP level 4. HP: 14/37 MP: 4/4
  1811 | D:3      | Noticed a phantom
  1831 | D:3      | HP: 1/37 [gnoll (13)]
  1866 | D:3      | Reached skill level 7 in Axes
  1880 | D:2      | Killed a phantom
  1881 | D:2      | Reached XP level 5. HP: 17/42 MP: 5/5
  2126 | D:3      | Reached skill level 8 in Axes
  2687 | D:3      | Reached XP level 6. HP: 50/50 MP: 6/6
  2878 | D:4      | Reached skill level 9 in Axes
  3304 | D:4      | Found a staircase to the Ecumenical Temple.
  3323 | Temple   | Entered the Ecumenical Temple
  3586 | Temple   | Became a worshipper of Kikubaaqudgha
  3676 | D:4      | Found a runed translucent gate.
  3676 | D:4      | Found a runed translucent gate.
  3676 | D:4      | Found a runed translucent gate.
  3677 | D:4      | Noticed kulwych's ghost (amateur MiFi)
  3677 | D:4      | Noticed ces's ghost (amateur GnFi)
  3727 | D:4      | Reached skill level 10 in Axes
  3727 | D:4      | Reached XP level 7. HP: 33/56 MP: 7/7
  4485 | D:5      | Entered Level 5 of the Dungeon
  4879 | D:5      | Reached skill level 11 in Axes
  4879 | D:5      | Reached skill level 1 in Armour
  5117 | D:5      | Reached skill level 2 in Armour
  5220 | D:5      | Reached skill level 3 in Armour
  5220 | D:5      | Reached XP level 8. HP: 47/62 MP: 8/8
  5454 | D:5      | Found a runed translucent door.
  5455 | D:5      | Noticed Crazy Yiuf
  5566 | D:5      | Reached skill level 4 in Armour
  5573 | D:5      | Reached skill level 12 in Axes
  5806 | D:5      | Found Yweniq's Book Shoppe.
  6073 | D:6      | Reached * piety under Kikubaaqudgha
  6073 | D:6      | Received a gift from Kikubaaqudgha
  6407 | D:6      | Reached skill level 5 in Armour
  6803 | D:7      | Noticed a troll
  6820 | D:7      | Killed a troll
  6821 | D:7      | Reached skill level 6 in Armour
  6821 | D:7      | Reached XP level 9. HP: 40/68 MP: 9/9
  7023 | D:7      | Reached skill level 13 in Axes
  7155 | D:7      | Reached skill level 7 in Armour
  7455 | D:7      | Reached ** piety under Kikubaaqudgha
  8545 | D:8      | Noticed Maurice
  8581 | D:8      | HP: 5/60 [wight (3)]
  8582 | D:8      | Slain by a wight

Vanquished Creatures
  A troll (D:7)
  A water moccasin (D:5)
  A black bear (D:5)
  3 ogres
  A necrophage (D:5)
  2 bullfrogs (D:7)
  A kobold brigand (D:7)
  A phantom (D:2)
  2 scorpions
  2 water moccasin zombies
  2 water moccasin skeletons
  5 wights (D:7)
  A bullfrog zombie (D:5)
  4 hounds
  2 bullfrog skeletons
  3 jellies
  A gnoll shaman (D:7)
  3 orc priests
  2 iguanas
  4 orc wizards
  A howler monkey zombie (D:7)
  8 adders
  18 gnolls
  A white imp (D:6)
  A shadow imp (D:7)
  An adder skeleton (D:4)
  2 worms
  A dart slug (D:3)
  9 orcs
  4 bats
  3 endoplasms
  A giant cockroach (D:3)
  16 hobgoblins
  10 jackals
  6 quokkas
  6 ball pythons
  2 frilled lizards (D:1)
  6 goblins
  16 kobolds
  4 rats (D:1)
158 creatures vanquished.

Vanquished Creatures (others)
  An orc wizard (D:6)
  2 plants (D:4)
3 creatures vanquished.

Grand Total: 161 creatures vanquished

Table legend: (Time is in decaauts)
 A = Elapsed time spent in this place.
 B = Non-inter-level travel time spent in this place.
 C = Inter-level travel time spent in this place.
 D = Time resting spent in this place.
 E = Time spent auto-exploring this place.
 F = Levels seen in this place.
 G = Mean time per level.
                   A        B        C        D        E       F      G
               +--------+--------+--------+--------+--------+-----+--------+
         Total |   8576 |   8327 |    249 |   1740 |   5389 |   9 |  952.9 |
       Dungeon |   8261 |   8063 |    198 |   1740 |   5136 |   8 | 1032.6 |
        Temple |    314 |    263 |     51 |      0 |    253 |   1 |  314.0 |
               +--------+--------+--------+--------+--------+-----+--------+

Top non-repeatable levels by time:
     D:7: 1761 daAuts
     D:5: 1402 daAuts
     D:4: 1253 daAuts
     D:3: 1089 daAuts
     D:1: 1063 daAuts
     D:2: 924 daAuts
     D:6: 689 daAuts
  Temple: 314 daAuts
     D:8: 78 daAuts

Table legend:
 A = Non-vault XP
 B = Vault XP
 C = Vault XP percentage of total XP
 D = Non-vault monster count
 E = Vault monster count
 F = Vault count percentage of total count
                 A         B        C        D         E       F
            +---------+---------+-------+---------+---------+-------
      Total |    3558 |      47 |   1.3 |     156 |       3 |   1.9
            +---------+---------+-------+---------+---------+-------
        D:1 |      34 |       0 |   0.0 |      24 |       0 |   0.0
        D:2 |     171 |       0 |   0.0 |      15 |       0 |   0.0
        D:3 |     136 |       4 |   2.9 |      25 |       2 |   7.4
        D:4 |     316 |      43 |  12.0 |      30 |       1 |   3.2
        D:5 |    1115 |       0 |   0.0 |      17 |       0 |   0.0
        D:6 |     389 |       0 |   0.0 |      11 |       0 |   0.0
        D:7 |    1356 |       0 |   0.0 |      31 |       0 |   0.0
        D:8 |      41 |       0 |   0.0 |       3 |       0 |   0.0
            +---------+---------+-------+---------+---------+-------
